 Dungeon Crawl Stone Soup version 0.26.0-15-gc6cd9f7 (webtiles) character file.

Game seed: 117556236701966784

9294 thesequoiad the Blocker (level 11, -1/83 HPs)
             Began as a Demonspawn Chaos Knight on Jan 22, 2021.
             Was a Plaything of Xom.
             Splashed by an acid dragon's acid (15 damage)
             ... on level 11 of the Dungeon.
             The game lasted 00:38:22 (11196 turns).

thesequoiad the Blocker (Demonspawn Chaos Knight)  Turns: 11196, Time: 00:38:23

Health: -1/83      AC:  3    Str: 15    XL:     11   Next: 21%
Magic:  11/11      EV: 19    Int: 15    God:    Xom [..*...]
Gold:   635        SH: 13    Dex: 11    Spells: 10/10 levels left

rFire    . . .     SeeInvis .   a - +2 broad axe of Compassion {pain, rPois}
rCold    + . .     Faith    .   G - +1 kite shield
rNeg     . . .     Spirit   .   K - +2 ring mail of the Eternal Void {+Fly rPois Dex-5 Stlth+}
rPois    +         Reflect  .   k - +2 hat
rElec    .         Harm     .   y - +0 cloak
rCorr    .         Rampage  .   (no gloves)
Will     .....                  (no boots)
Stlth    ++++......             (no amulet)
HPRegen  0.63/turn              A - +4 ring of evasion
MPRegen  0.12/turn              E - ring of protection from cold

@: agile, corroded
A: hooves 2, thin skeletal structure 3, clumsy 1, powered by pain 1,
regeneration 1, spiny 1, evolution 1
a: Renounce Religion, Evoke Flight


You were on level 11 of the Dungeon.
You worshipped Xom.
You were a toy of Xom.
You visited 1 branch of the dungeon, and saw 11 of its levels.

You collected 713 gold pieces.
You spent 78 gold pieces at shops.

Inventory:

Hand Weapons
 a - the +2 broad axe of Compassion (weapon) {pain, rPois}
   (You acquired it on level 9 of the Dungeon)

   In the hands of one skilled in necromantic magic, it inflicts extra damage on
   living creatures.
   It protects you from poison.
 g - a +0 falchion
 w - a +1 short sword of electrocution
 F - a +2 flail of draining
 R - a +1 trident of pain
Missiles
 d - 61 poisoned darts (quivered)
 j - 6 atropa-tipped darts
Armour
 k - a +2 hat (worn)
 y - a +0 cloak (worn)
 G - a +1 kite shield (worn)
 K - the +2 ring mail of the Eternal Void (worn) {+Fly rPois Dex-5 Stlth+}
   (You found it on level 8 of the Dungeon)

   It affects your dexterity (-5).
   It protects you from poison.
   It lets you fly.
   It makes you more stealthy.
Magical Staves
 f - an uncursed staff of poison {unknown}
Jewellery
 t - an uncursed ring of see invisible
 v - an uncursed ring of fire
 A - a +4 ring of evasion (left hand)
 E - a ring of protection from cold (right hand)
 I - an uncursed ring of ice
Wands
 C - a wand of flame (54)
 H - a wand of acid (10)
 J - a wand of paralysis (2)
 L - a wand of random effects (18)
 N - a wand of disintegration (16)
 O - a wand of iceblast (11)
Scrolls
 c - 10 scrolls of remove curse
 m - 5 scrolls of teleportation
 o - 4 scrolls of magic mapping
 r - 5 scrolls of amnesia
 s - a scroll of enchant weapon {unknown}
 u - a scroll of fog {unknown}
 x - 2 scrolls of enchant armour
 z - a scroll of random uselessness {unknown}
 B - a scroll of immolation {unknown}
 D - a scroll of holy word {unknown}
 P - 2 scrolls of identify
 Q - a scroll of blinking {unknown}
Potions
 b - a potion of berserk rage
 e - 4 potions of degeneration
 h - a potion of haste
 i - a potion of brilliance
 l - a potion of mutation
 n - 6 potions of curing
 p - a potion of flight
 q - 3 potions of lignification
 M - a potion of resistance {unknown}


   Skills:
 + Level 6.4 Fighting
 + Level 7.7 Axes
 - Level 5.0 Armour
 - Level 1.4 Dodging
 + Level 12.5 Shields
 * Level 3.6 Necromancy
 + Level 4.1 Evocations


You had 10 spell levels left.
You didn't know any spells.
Your spell library contained the following spells:

 Spells                   Type           Power        Failure   Level
 Corona                   Hex            0%           56%         1
 Magic Dart               Conj           0%           56%         1
 Ensorcelled Hibernation  Hex/Ice        0%           71%         2
 Searing Ray              Conj           0%           71%         2
 Confusing Touch          Hex            0%           90%         3
 Dazzling Flash           Conj/Hex       0%           90%         3
 Gell's Gravitas          Tloc           0%           90%         3
 Tukima's Dance           Hex            0%           90%         3
 Fulminant Prism          Conj/Hex       0%           100%        4
 Iskenderun's Mystic Bla  Conj/Tloc      0%           100%        4
 Petrify                  Tmut/Erth      0%           100%        4
 Metabolic Englaciation   Hex/Ice        0%           100%        5
 Yara's Violent Unravell  Hex/Tmut       0%           100%        5


Dungeon Overview and Level Annotations

Branches:
Dungeon (11/15)            Temple (0/1) D:7
   Lair: D:8-11         Orc: D:9-12

Altars:
Ashenzari
Cheibriados
Elyvilon
Fedhas
Makhleb
Nemelex Xobeh
Okawaru
Trog
Vehumet
Wu Jian
Zin
The Shining One

Shops:
D:5 ?   D:7 *

Annotations:
D:5 Prince Ribbit
D:7 1 runed translucent door, Crazy Yiuf
D:11 Maurice


Innate Abilities, Weirdness & Mutations

You have hoof-like feet.
You have an unnaturally thin skeletal structure. (Dex +6, Stealth++)
You sometimes gain a little power by taking damage.
You are partially covered in sharp spines.
You are clumsy. (Dex -2)
Your natural rate of healing is unusually fast.
You evolve.


Message History

You barely miss the acid dragon.
The acid dragon is severely wounded.
The acid dragon spits acid at you. The splash of acid hits you!
The acid corrodes you!
You are splashed with acid!
You hit the acid dragon but do no damage.
The acid dragon writhes in agony.
The acid dragon is severely wounded.
Maurice gestures wildly while chanting.
Maurice puts on a burst of speed!
The acid dragon spits acid at you. The splash of acid hits you!
The acid corrodes you!
You are splashed with acid!
There is a stone staircase leading up here.
The acid dragon spits acid at you. The splash of acid hits you!!
* * * LOW HITPOINT WARNING * * *
You focus on the pain.
You feel agile all of a sudden.
You are splashed with acid!
You die...
Xom thinks this is hilarious!

#.######†##.#.....
#)##.#.##..#
#o##.#.# .#
#.##.#.# ..#
##O##.#.##..#
#...........#
#..##.>......
#..####.##.##
#.oo@D@†# #
#.#####.# #. .# ..
.# ... ## .## #.


You could see Maurice (swift), an acid dragon (catching breath) and 2 orcs.

Vanquished Creatures
  A two-headed ogre (D:10)
  2 unseen horrors
  A cyclops (D:11)
  An ugly thing (D:9)
  A centaur skeleton (D:10)
  A polar bear (shapeshifter) (D:9)
  A polar bear (D:8)
  A shadow (D:11)
  2 humans (D:9)
  Eustachio (D:6)
  Edmund (D:6)
  Duvessa (D:7)
  2 water moccasins
  A black bear (D:6)
  5 orc warriors
  3 sky beasts
  8 ogres
  A phantom (D:9)
  6 centaurs
  A big kobold (D:9)
  2 bullfrogs
  A scorpion (D:9)
  Dowan (D:7)
  3 killer bees
  12 wights
  An electric eel (D:8)
  A bullfrog zombie (D:6)
  A quasit (D:11)
  4 jellies
  A gnoll shaman (D:8)
  An orc priest (D:8)
  6 hounds
  3 bullfrog skeletons
  Ijyb (D:3)
  4 iguanas
  10 orc wizards
  8 worker ants
  A hound skeleton (D:11)
  A worker ant zombie (D:9)
  Robin (D:3)
  5 adders
  8 gnolls
  2 howler monkey skeletons
  2 shadow imps
  2 white imps
  2 ufetubi
  An ooze (D:4)
  3 adder skeletons
  2 dart slugs
  3 leopard geckos
  25 orcs
  4 giant cockroaches
  18 goblins
  16 hobgoblins
  2 jackals
  2 quokkas
  A ball python (D:1)
  A ball python skeleton (D:4)
  14 bats
  A frilled lizard (D:3)
  A giant cockroach zombie (D:5)
  14 kobolds
  2 quokka skeletons
  11 rats
246 creatures vanquished.

Vanquished Creatures (collateral kills)
  A hornet (D:7)
  A killer bee (D:7)
2 creatures vanquished.

Vanquished Creatures (others)
  A necrophage (D:11)
  40 plants
41 creatures vanquished.

Grand Total: 289 creatures vanquished

Notes
Turn   | Place    | Note
-------+----------+-------------------------------------------
     0 | D:1      | thesequoiad the Demonspawn Chaos Knight began the quest for
                  | the Orb.
     0 | D:1      | Reached XP level 1. HP: 18/18 MP: 1/1
    86 | D:1      | Reached skill level 1 in Dodging
   265 | D:1      | XOM: silly message
   505 | D:1      | You fall into a shaft and drop 1 floor!
   538 | D:1      | Gained mutation: You are partially covered in sharp spines.
                  | [demonic ancestry]
   538 | D:1      | Reached XP level 2. HP: 24/24 MP: 2/2
   647 | D:1      | XOM: 5-stop teleportation journey
  1059 | D:2      | Found a blossoming altar of Fedhas.
  1060 | D:2      | XOM: noise
  1199 | D:2      | Gained mutation: You have a somewhat thin skeletal
                  | structure. (Dex +2, Stealth) [demonic ancestry]
  1199 | D:2      | Reached XP level 3. HP: 29/29 MP: 3/3
  1242 | D:2      | XOM: noise
  1260 | D:2      | Found a faded altar of an unknown god.
  1953 | D:3      | Noticed Ijyb
  2028 | D:3      | Killed Ijyb
  2029 | D:3      | Reached skill level 1 in Shields
  2029 | D:3      | Gained mutation: You sometimes gain a little power by
                  | taking damage. [demonic ancestry]
  2029 | D:3      | Reached XP level 4. HP: 35/35 MP: 4/4
  2482 | D:3      | Noticed Robin
  2495 | D:3      | Killed Robin
  2616 | D:3      | Found an ornate altar of the Wu Jian Council.
  2754 | D:4      | Gained mutation: You have a moderately thin skeletal
                  | structure. (Dex +4, Stealth+) [demonic ancestry]
  2754 | D:4      | Reached XP level 5. HP: 39/41 MP: 5/5
  2824 | D:4      | Noticed an ogre
  2836 | D:4      | XOM: swap monsters
  2843 | D:4      | Killed an ogre
  2844 | D:4      | Reached skill level 2 in Shields
  2951 | D:4      | XOM: divination: magic mapping
  2978 | D:4      | Reached XP level 6. HP: 44/48 MP: 6/6
  3206 | D:4      | Found a glowing golden altar of the Shining One.
  3208 | D:4      | Found a snail-covered altar of Cheibriados.
  3216 | D:4      | XOM: confuse monster(s)
  3292 | D:4      | XOM: god gift: 6 atropa-tipped darts
  3690 | D:5      | Entered Level 5 of the Dungeon
  3755 | D:5      | Found a white marble altar of Elyvilon.
  3940 | D:5      | Found Dunt's Magic Scroll Boutique.
  3943 | D:5      | Bought a scroll of magic mapping for 42 gold pieces
  3943 | D:5      | Bought a scroll of remove curse for 36 gold pieces
  3970 | D:5      | Reached skill level 3 in Shields
  3990 | D:5      | Noticed Prince Ribbit
  3998 | D:5      | Noticed Prince Ribbit
  3998 | D:5      | Prince Ribbit changed into Prince Ribbit the shapeshifter
  3998 | D:5      | XOM: polymorph Prince Ribbit -> Prince Ribbit the
                  | shapeshifter
  3998 | D:5      | Noticed Prince Ribbit
  3998 | D:5      | Prince Ribbit the shapeshifter changed into Prince Ribbit
                  | the troll
  4009 | D:5      | Noticed Prince Ribbit
  4009 | D:5      | Prince Ribbit the troll changed into Prince Ribbit the
                  | shapeshifter
  4009 | D:5      | Noticed Prince Ribbit
  4009 | D:5      | Prince Ribbit the shapeshifter changed into Prince Ribbit
                  | the troll
  4022 | D:5      | XOM: chaos cloud
  4023 | D:5      | XOM: 3-stop teleportation journey
  4198 | D:5      | XOM: butterfly on damage
  4328 | D:5      | XOM: scenery: 3 doors close
  4358 | D:5      | XOM: fog
  4506 | D:5      | Noticed Prince Ribbit
  4507 | D:5      | Noticed Prince Ribbit
  4507 | D:5      | Prince Ribbit the fire crab changed into Prince Ribbit the
                  | shapeshifter
  4507 | D:5      | Noticed Prince Ribbit
  4507 | D:5      | Prince Ribbit the shapeshifter changed into Prince Ribbit
                  | the soldier ant
  4508 | D:5      | Noticed Prince Ribbit
  4508 | D:5      | Prince Ribbit the soldier ant changed into Prince Ribbit
                  | the shapeshifter
  4508 | D:5      | Noticed Prince Ribbit
  4508 | D:5      | Prince Ribbit the shapeshifter changed into Prince Ribbit
                  | the guardian serpent
  4516 | D:5      | XOM: god gift: garnet ring {god gift}
  4519 | D:5      | XOM: divine lightning
  4521 | D:5      | Noticed Prince Ribbit
  4521 | D:5      | Prince Ribbit the guardian serpent changed into Prince
                  | Ribbit the shapeshifter
  4521 | D:5      | Noticed Prince Ribbit
  4521 | D:5      | Prince Ribbit the shapeshifter changed into Prince Ribbit
                  | the queen bee
  4545 | D:5      | Reached XP level 7. HP: 36/54 MP: 7/7
  4557 | D:5      | XOM: polymorph worker ant -> giant cockroach
  4990 | D:5      | XOM: summons friendly crimson imp
  5128 | D:6      | Reached skill level 5 in Axes
  5155 | D:6      | XOM: torment (25/55 hp)
  5237 | D:6      | XOM: divination: magic mapping
  5291 | D:6      | XOM: silly message
  5333 | D:6      | Noticed Eustachio
  5334 | D:6      | Noticed Edmund
  5357 | D:6      | XOM: potion effect (experience)
  5357 | D:6      | Reached skill level 11 in Shields
  5357 | D:6      | Gained mutation: You have large cloven feet. [demonic
                  | ancestry]
  5357 | D:6      | Reached XP level 8. HP: 40/61 MP: 8/8
  5359 | D:6      | Killed Edmund
  5364 | D:6      | Killed Eustachio
  5522 | D:6      | XOM: cloud trail
  5592 | D:6      | XOM: cast spell 'Summon Ice Beast'
  5794 | D:6      | Reached XP level 9. HP: 66/66 MP: 9/9
  5840 | D:6      | XOM: confuse monster(s)
  5851 | D:6      | Reached skill level 12 in Shields
  6094 | D:6      | XOM: butterfly on damage
  6419 | D:7      | XOM: confuse monster(s)
  6421 | D:7      | XOM: cast spell 'Summon Ice Beast'
  6653 | D:7      | Found Zin's Purification Station.
  6659 | D:7      | Found a glowing silver altar of Zin.
  6727 | D:7      | XOM: god gift: 15 gold pieces
  6891 | D:7      | Reached skill level 5 in Fighting
  7029 | D:7      | Found a runed translucent door.
  7030 | D:7      | Noticed Crazy Yiuf
  7147 | D:7      | XOM: confuse monster(s)
  7150 | D:7      | XOM: give mutations
  7150 | D:7      | Gained mutation: Your mind is acute. (Int +2) [Xom's grace]
  7150 | D:7      | Gained mutation: You evolve. [Xom's grace]
  7171 | D:7      | XOM: fog
  7194 | D:7      | Reached skill level 1 in Evocations
  7270 | D:7      | Noticed Dowan
  7272 | D:7      | Noticed Duvessa
  7278 | D:7      | XOM: confuse monster(s)
  7286 | D:7      | Killed Dowan
  7290 | D:7      | Killed Duvessa
  7431 | D:7      | XOM: enchant monster (good)
  7582 | D:8      | XOM: noise
  7639 | D:8      | XOM: noise
  7640 | D:8      | XOM: noise
  7662 | D:8      | XOM: confusion (+ monsters)
  7843 | D:7      | Found a staircase to the Ecumenical Temple.
  8044 | D:7      | XOM: draining
  8140 | D:8      | XOM: polymorph orc -> jackal
  8170 | D:8      | Lost mutation: Your mind is acute. (Int +2) [evolution]
  8187 | D:8      | Noticed a polar bear
  8187 | D:8      | a bullfrog changed into a polar bear
  8187 | D:8      | XOM: polymorph bullfrog -> polar bear
  8192 | D:8      | Killed a polar bear
  8202 | D:8      | XOM: 10-stop teleportation journey
  8220 | D:8      | Gained mutation: You have an unnaturally thin skeletal
                  | structure. (Dex +6, Stealth++) [demonic ancestry]
  8220 | D:8      | Reached XP level 10. HP: 36/70 MP: 10/10
  8423 | D:8      | XOM: give mutation
  8481 | D:8      | Got a jewelled ring mail
  8514 | D:8      | Identified the +2 ring mail of the Eternal Void {+Fly rPois
                  | Dex-5 Stlth+} (You found it on level 8 of the Dungeon)
  8777 | D:8      | XOM: summons 1 hostile shadow creature
  9016 | D:9      | Found a bloodstained altar of Trog.
  9260 | D:9      | Found an iron altar of Okawaru.
  9266 | D:9      | XOM: blink monster(s)
  9275 | D:9      | XOM: stat loss: -1 Dex (12/13)
  9290 | D:9      | XOM: give mutations
  9290 | D:9      | Gained mutation: You are clumsy. (Dex -2) [Xom's mischief]
  9290 | D:9      | Gained mutation: Your natural rate of healing is unusually
                  | fast. [Xom's mischief]
  9324 | D:9      | Found a radiant altar of Vehumet.
  9346 | D:9      | XOM: confusion (+ monsters)
  9350 | D:9      | XOM: potion effect (brilliance)
  9366 | D:9      | XOM: 1-stop teleportation journey
  9416 | D:9      | Found a broken altar of Ashenzari.
  9417 | D:9      | Found a burning altar of Makhleb.
  9425 | D:9      | XOM: confuse monster(s)
  9850 | D:9      | Found a sparkling altar of Nemelex Xobeh.
  9920 | D:9      | XOM: noise
 10016 | D:9      | XOM: potion effect (might)
 10021 | D:9      | Noticed an unseen horror
 10036 | D:9      | Killed an unseen horror
 10073 | D:9      | Noticed a white ugly thing
 10101 | D:9      | XOM: silly message
 10200 | D:9      | XOM: potion effect (brilliance)
 10202 | D:9      | XOM: potion effect (haste)
 10217 | D:9      | Killed a white ugly thing
 10218 | D:9      | Reached skill level 5 in Armour
 10292 | D:9      | Identified a scroll of acquirement
 10292 | D:9      | Acquired the +2 broad axe of Compassion {pain, rPois}
 10384 | D:10     | Entered Level 10 of the Dungeon
 10384 | D:10     | Found an iron altar of Okawaru.
 10396 | D:10     | Noticed a two-headed ogre
 10411 | D:10     | Killed a two-headed ogre
 10412 | D:10     | Reached skill level 1 in Necromancy
 10486 | D:10     | Noticed an unseen horror
 10493 | D:10     | XOM: cast spell 'Summon Small Mammal'
 10496 | D:10     | Killed an unseen horror
 10497 | D:10     | Gained mutation: You have hoof-like feet. [demonic
                  | ancestry]
 10497 | D:10     | Reached XP level 11. HP: 81/81 MP: 11/11
 10597 | D:10     | XOM: noise
 11048 | D:11     | Noticed Maurice
 11090 | D:11     | XOM: cast spell 'Summon Ice Beast'
 11170 | D:10     | XOM: divination: detect items
 11196 | D:11     | Splashed by an acid dragon's acid

Illustrated notes

Levels and vault maps discovered:
D:1:      minmay_arrival_cross, layout_basic, palyth_stone_intersect,
          minmay_strange_pillars, minmay_pentomino_s4
D:2:      layout_loops_cross, fedhas_altar_1, chequers_ecumenical_altar_simple
D:3:      layout_basic, marbit_many_paths, lemuel_old_faithful, uniq_ijyb,
          uniq_robin
D:4:      layout_basic, gammafunk_temple_overflow_pools
D:5:      corexii_shantytown, layout_layer_cave, general_overflow_altar,
          serial_shops, kennysheep_mini, uniq_prince_ribbit1
D:6:      layout_basic, uniq_eustachio, uniq_edmund
D:7:      layout_basic, zin_purify, minmay_temple_entry_offerings,
          roderic_batcave, uniq_crazy_yiuf_cottage, uniq_duvessa
D:8:      layout_basic, lightli_minifort
D:9:      layout_stronghold, lemuel_crystal_altar,
          nemelex_xobeh_ov_fountains_minmay, okawaru_humans,
          grunt_temple_overflow_open, old_standard_altar, minmay_pinched_square
D:10:     layout_small_grid, basic_altar
D:11:     layout_loops_ring, david_lair_shrubbed, uniq_maurice, uniq_erica

Skill      XL: |  1  2  3  4  5  6  7  8  9 10 11 |
---------------+----------------------------------+-----
Dodging        | 1 |  1.4
Axes           | 3 4 5 6 7 |  7.7
Armour         | 2 3 4 5 |  5.0
Shields        | 1 2 3 11 12 | 12.5
Fighting       | 4 5 6 |  6.4
Evocations     | 2 3 4 |  4.1
Necromancy     | 2 3 |  3.6

Action                   |  1- 3 |  4- 6 |  7- 9 | 10-12 || total
-------------------------+-------+-------+-------+-------++-------
Melee: Hand axe          |    92 |   152 |   287 |   216 ||   747
       Unarmed           |     2 |       |       |       ||     2
       Kick              |       |       |    70 |    80 ||   150
       Broad axe         |       |       |       |    73 ||    73
Evoke: Wand              |       |     3 |     1 |     2 ||     6
  Use: Scroll            |       |    12 |     1 |     3 ||    16
       Potion            |       |     1 |     1 |     4 ||     6
 Stab: Sleeping          |     6 |    10 |     7 |    10 ||    33
       Paralysed         |     1 |       |     2 |     4 ||     7
       Petrified         |       |     3 |       |     7 ||    10
       Confused          |       |     1 |     2 |     3 ||     6
       Distracted        |       |       |     2 |     1 ||     3
       Petrifying        |       |       |     1 |     1 ||     2
Armor: Leather armour    |    34 |       |       |       ||    34
       Skin              |     1 |       |       |       ||     1
       Ring mail         |       |    26 |       |    53 ||    79
       Scale mail        |       |    17 |     2 |       ||    19
       Ice dragon scales |       |       |    69 |     5 ||    74
Dodge: Dodged            |    47 |    54 |    63 |    67 ||   231
Block: Buckler           |     7 |    12 |       |       ||    19
       Kite shield       |       |    23 |   159 |   156 ||   338
